 Dungeon Crawl Stone Soup version 0.27-a0-396-g03f4e8edb7 (webtiles) character file.

Game seed: 8842686470662448673

60 CryoSword the Chopper (level 3, 0/34 HPs)
             Began as a Minotaur Monk on Feb 21, 2021.
             Killed by nerve-wracking pain
             ... invoked by Jessica
              (13 damage)
             ... on level 3 of the Dungeon.
             The game lasted 00:02:16 (1754 turns).

CryoSword the Chopper (Minotaur Monk)               Turns: 1754, Time: 00:02:16

Health: 0/34       AC:  9    Str: 16    XL:     3   Next: 80%
Magic:  2/2        EV:  7    Int:  7    God:
Gold:   78         SH:  0    Dex: 12    Spells: 2/2 levels left

rFire    . . .     SeeInvis .   a - +0 hand axe
rCold    . . .     Faith    .   (no shield)
rNeg     . . .     Spirit   .   n - +0 chain mail
rPois    .         Reflect  .   (helmet restricted)
rElec    .         Harm     .   (no cloak)
rCorr    .         Rampage  .   (no gloves)
Will     .....                  h - +0 pair of boots
Stlth    ..........             f - amulet of the acrobat
HPRegen  0.11/turn              (no ring)
MPRegen  0.08/turn              (no ring)

@: hasted, very quick
A: retaliatory headbutt, horns 2
a: no special abilities


You were on level 3 of the Dungeon.
You visited 1 branch of the dungeon, and saw 3 of its levels.

You collected 78 gold pieces.

Inventory:

Hand Weapons
 a - a +0 hand axe (weapon)
Missiles
 i - 32 poisoned darts (quivered)
 m - 6 datura-tipped darts
Armour
 h - a +0 pair of boots (worn)
   (You found it on level 1 of the Dungeon)
 n - a +0 chain mail (worn)
   (You found it on level 2 of the Dungeon)
Jewellery
 f - an amulet of the acrobat (around neck)
   (You found it on level 1 of the Dungeon)
 k - a ring of protection from fire {unknown}
   (You found it on level 2 of the Dungeon)
 l - a +4 ring of evasion {unknown}
   (You found it on level 2 of the Dungeon)
Scrolls
 b - a scroll of enchant armour {unknown}
 c - 2 scrolls of teleportation {@r4}
 e - 2 scrolls of identify {@r1}
Potions
 d - a potion of lignification {unknown}
 j - 2 potions of curing {unknown}


   Skills:
 + Level 4.4 Fighting
 * Level 5.1 Axes
 + Level 0.2 Armour
 - Level 3.2 Dodging
 - Level 1.5 Stealth


You had 2 spell levels left.
You didn't know any spells.
Your spell library was empty.

Dungeon Overview and Level Annotations

Branches:
Dungeon (3/15)

Altars:
Trog

Annotations:
D:3 Jessica


Innate Abilities, Weirdness & Mutations

You reflexively headbutt those who attack you in melee.
You have a pair of horns on your head.


Message History

You hit the worm. You barely miss the worm.
The worm bites you but does no damage.
You barely miss the worm. You headbutt the worm! The worm misses you.
You slash the worm!
You kill the worm!
No target in view!
You see here a worm corpse.
Found a chain mail.
Found a stone staircase leading up.
There is a stone staircase leading up here.
Found 18 sling bullets.
l - a twisted iron ring
m - 6 datura-tipped darts
Found a stone staircase leading down.
i - 32 poisoned darts (gained 17)
e - 2 scrolls of identify {@r1} (gained 1)
Found a ring mail.
Found a stone staircase leading up.
There is a stone staircase leading up here.
There is a stone staircase leading down here.
You see here 12 arrows.
Found a stone staircase leading down.
There is a stone staircase leading down here.
You now have 58 gold pieces (gained 6).
A bat comes into view.
A bat is nearby!
A bat is nearby!
A bat is nearby!
A bat is nearby!
The bat barely misses you. The bat completely misses you.
Found an escape hatch in the floor.
You hit the bat but do no damage. The bat hits you but does no damage.
You closely miss the bat. The bat misses you. The bat completely misses you.
You furiously retaliate!
You headbutt the bat, but do no damage. You barely miss the bat.
The bat hits you but does no damage. The bat completely misses you.
The bat completely misses you.
You hit the bat but do no damage. The bat barely misses you.
The bat misses you. You furiously retaliate!
You headbutt the bat.
You kill the bat!
No target in view!
No target in view!
No target in view!
Search for what [? for help]? armor You see here 18 sling bullets.
You see here a chain mail.
n - a chain mail You start removing your armour.
You continue taking off your +0 ring mail. x4
You finish taking off your +0 ring mail.
You start putting on your armour.
You continue putting on your chain mail. x5
You finish putting on your +0 chain mail.
Drop what? 14/52 slots (_ for help) (? for menu, Esc to quit)
You drop a +0 ring mail.
There is a shaft here.
There is a stone staircase leading down here.
You climb downwards.
You hear the sound of rushing water.
There is an entrance to a sewer on this level.
Hurry and find it before the portal rusts away!
Found a leather armour.
Found a stone staircase leading down.
There is a stone staircase leading up here.
Found a bloodstained altar of Trog.
Found a glowing hunting sling.
You see here a glowing hunting sling.
You now have 67 gold pieces (gained 9).
You now have 73 gold pieces (gained 6).
You now have 78 gold pieces (gained 5).
Found a stone staircase leading up.
You hear the slow rusting of a very distant drain.
j - 2 ruby potions You hear the slow rusting of a very distant drain. 2 orcs come into view.
The orc shouts! x2
An orc comes into view.
The orc shouts!
You hear a shout!
Found an arbalest.
An orc comes into view.
It is wielding a +0 hand axe of freezing.
The orc shouts!
You see here a fizzy coppery potion.
You slash the orc!
You kill the orc!
The orc barely misses you.
Jessica the Apprentice Sorceress comes into view.
She is wielding a +4 dagger of venom.
Jessica shouts!
You hit the orc but do no damage. The orc hits you but does no damage. x2
You barely miss the orc. You headbutt the orc, but do no damage.
You closely miss the orc. The orc hits you with a +0 mace.
Jessica says, "I'm really upset."
You closely miss the orc. You hit the orc. You hit the orc but do no damage.
The orc hits you but does no damage. x2
You hit the orc. You hit the orc but do no damage. You completely miss the orc.
The orc hits you with a +0 hand axe of freezing.
The orc freezes you. The orc hits you but does no damage. x2
You are too injured to fight recklessly!
Jessica casts a spell.
Jessica seems to speed up.
You hit the orc but do no damage. The orc barely misses you.
You slash the orc!
You kill the orc!
Jessica casts a spell.
Jessica blinks!
You slash the orc! You headbutt the orc, but do no damage.
Jessica casts a spell.
Jessica blinks!
The orc hits you but does no damage.
Your chain mail prevents you from hitting the orc.
The orc hits you.
You hit the orc but do no damage. The orc hits you.
You closely miss the orc. You headbutt the orc, but do no damage.
The orc barely misses you. You furiously retaliate!
You headbutt the orc, but do no damage.
Sorry, you're not good enough to have a special ability.
You feel yourself speed up. The orc hits you.
You closely miss the orc. Your headbutt misses the orc.
The orc hits you but does no damage.
You closely miss the orc. The orc barely misses you. You furiously retaliate!
You headbutt the orc.
You kill the orc!
You completely miss the orc. You barely miss the orc.
You headbutt the orc, but do no damage. The orc hits you with a +0 mace.
You hit the orc. You hit the orc but do no damage. The orc barely misses you.
You furiously retaliate!
You headbutt the orc, but do no damage.
Jessica mumbles some strange words.
Jessica blinks!
You completely miss the orc. The orc hits you but does no damage.
You hit the orc but do no damage. You hit the orc but do no damage.
The orc closely misses you.
You barely miss the orc. You closely miss the orc.
You hear the slow rusting of a very distant drain.
The orc hits you with a +0 mace.
Your chain mail prevents you from hitting the orc.
You headbutt the orc, but do no damage. The orc hits you with a +0 mace.
* * * LOW HITPOINT WARNING * * *
You hit the orc but do no damage. You hit the orc. The orc closely misses you.
You hit the orc.
You kill the orc!
Jessica casts a spell at you. Pain shoots through your body!
* * * LOW HITPOINT WARNING * * *
Jessica misses you.
Items here: )) [[[ ††.
You slash Jessica! Your headbutt misses Jessica.
Jessica hits you but does no damage. Jessica casts a spell at you.
Pain shoots through your body!
You die...

.........# #.# .........#
#.# .........# #.#
........)# #.# .........#
#.# .........# #.##########
.......).# #..........#
........!###############.##
####.....@@.......# #.#
#.############.# #.# # #.#
#.# #.# #.# #.# #.#
#.######.# #........#
##########


You could see Jessica (fast).

Vanquished Creatures
  2 adders (D:2)
  A worm (D:2)
  A dart slug (D:2)
  4 orcs (D:3)
  7 bats
  2 giant cockroaches (D:1)
  5 goblins (D:1)
  3 jackals (D:2)
  A quokka (D:2)
  5 frilled lizards
  2 kobolds (D:1)
  A rat (D:1)
34 creatures vanquished.

Notes
Turn   | Place    | Note
-------+----------+-------------------------------------------
     0 | D:1      | CryoSword the Minotaur Monk began the quest for the Orb.
     0 | D:1      | Reached XP level 1. HP: 19/19 MP: 0/0
   144 | D:1      | Reached skill level 4 in Axes
   423 | D:1      | Reached XP level 2. HP: 27/27 MP: 1/1
   874 | D:2      | Reached XP level 3. HP: 33/33 MP: 2/2
  1070 | D:2      | Reached skill level 5 in Axes
  1595 | D:3      | Found a bloodstained altar of Trog.
  1722 | D:3      | Noticed Jessica
  1754 | D:3      | Killed from afar by Jessica

Illustrated notes

Levels and vault maps discovered:
D:1:      lordsloth_arrival_two_stooges, layout_basic, minmay_tromino_v4_c
D:2:      layout_loops_ring
D:3:      layout_basic, lemuel_crystal_altar, portal_sewer_entry_c, uniq_jessica

Skill      XL: |  1  2  3 |
---------------+----------+-----
Axes           | 4 5 |  5.1
Fighting       | 4 |  4.4
Armour         | |  0.2
Dodging        | |  3.2
Stealth        | |  1.5

Action                   || total
-------------------------++-------
Melee: Hand axe          ||    85
       Headbutt          ||    11
  Use: Scroll            ||     3
       Potion            ||     1
 Stab: Sleeping          ||     4
Armor: Robe              ||     3
       Ring mail         ||    10
       Chain mail        ||    10
Dodge: Dodged            ||    65

Table legend: (Time is in decaauts)
 A = Elapsed time spent in this place.
 B = Non-inter-level travel time spent in this place.
 C = Inter-level travel time spent in this place.
 D = Time resting spent in this place.
 E = Time spent auto-exploring this place.
 F = Levels seen in this place.
 G = Mean time per level.
                   A        B        C        D        E       F      G
               +--------+--------+--------+--------+--------+-----+--------+
         Total |   1754 |   1634 |    120 |    218 |   1143 |   3 |  584.7 |
       Dungeon |   1754 |   1634 |    120 |    218 |   1143 |   3 |  584.7 |
               +--------+--------+--------+--------+--------+-----+--------+

Top non-repeatable levels by time:
     D:2: 802 daAuts
     D:1: 796 daAuts
     D:3: 155 daAuts
